Map: Acropolis LE

Players

TLO

  • Race: Zerg Zerg
  • Spawn Location: 5:00

Has - Winner!

  • Race: Protoss Protoss
  • Spawn Location: 11:00

VOD

Have the link to the VOD?

Description

Time

  • Played on: Sept. 6, 2019, 8:04 p.m.
  • Length: 11:11
Show
View Real Time Build Order
Export as new Build Order

TLO Zerg 

Build Orders: Hatch First 

Get SALT Encoding   

  12  0:00  Drone  
  13  0:12  Overlord  
  13  0:17  Drone  
  14  0:31  Drone x2  
  16  0:47  Hatchery  
  15  0:51  Drone  
  15  0:54  Drone  
  17  0:58  Drone  
  18  1:05  Extractor  
  17  1:14  Spawning Pool  
  17  1:16  Drone  
  17  1:19  Drone  
  18  1:28  Drone  
  19  1:39  Drone  
  20  1:49  Overlord  
  20  2:00  Queen x2  
  24  2:01  Zergling x4  
  26  2:10  Drone  
  26  2:13  Drone  
  28  2:22  Drone  
  29  2:33  Hatchery  
  29  2:36  Zergling x2  
  29  2:37  Drone  
  29  2:42  Zergling x2  
  31  2:45  Overlord  
  31  2:48  Drone  
  32  2:53  Overlord  
  32  2:55  Drone  
  32  3:03  Overlord  
  32  3:04  Drone  
  33  3:08  Queen  
  33  3:09  Drone  
  33  3:10  Drone  
  33  3:12  Drone  
  38  3:13  Drone  
  38  3:17  Drone x2  
  41  3:20  Drone  
  41  3:24  Drone  
  44  3:27  Drone  
  44  3:28  Extractor  
  44  3:32  Lair  
  43  3:36  Drone  
  43  3:41  Roach Warren  
  43  3:42  Drone  
  43  3:44  Drone  
  43  3:47  Drone x2  
  47  3:48  Drone  
  47  3:52  Drone  
  47  3:54  Overlord  
  49  3:57  Drone  
  49  4:00  Overlord  
  50  4:06  Overlord  
  50  4:07  Drone  
  51  4:11  Overlord  
  51  4:12  Extractor  
  50  4:21  Overlord  
  50  4:24  Roach  
  50  4:25  Roach x4  
  50  4:27  Roach  
  50  4:30  Roach  
  64  4:33  Evolution Chamber  
  64  4:35  Roach  
  64  4:37  Glial Reconstitution  
  65  4:41  Roach  
  65  4:42  Roach  
  65  4:44  Roach  
  70  4:47  Roach  
  70  4:48  Roach  
  70  4:50  Overseer  
  74  4:53  Roach  
  74  4:57  Roach  
  74  4:59  Roach  
  80  5:02  Roach  
  80  5:04  Spore Crawler  
  81  5:07  Roach  
  81  5:09  Overlord  
  81  5:10  Overseer  
  81  5:12  Roach  
  85  5:16  Roach  
  85  5:17  Roach  
  85  5:20  Overseer  
  89  5:24  Roach  
  89  5:26  Drone  
  89  5:27  Drone  
  89  5:28  Drone  
  91  5:30  Drone  
  91  5:32  Drone  
  90  5:36  Drone  
  90  5:38  Drone  
  90  5:40  Drone  
  93  5:44  Roach  
  93  5:46  Overlord  
  93  5:48  Drone  
  96  5:54  Roach  
  96  5:55  Spore Crawler  
  96  5:56  Roach  
  99  5:58  Drone  
  99  6:02  Roach  
  99  6:03  Overseer  
  102  6:07  Drone  
  102  6:08  Drone x2  
  105  6:12  Roach  
  105  6:15  Drone x2  
  105  6:16  Overseer  
  109  6:20  Zerg Missile Weapons Level 1  
  109  6:24  Roach  
  111  6:30  Roach x2  
  111  6:32  Drone  
  111  6:38  Roach  
  111  6:42  Roach  
  111  6:43  Roach x2  
  111  6:45  Drone  
  111  6:46  Roach  
  112  6:47  Roach x2  
  112  6:48  Roach  
  112  6:50  Drone  
  112  6:51  Drone  
  110  6:55  Drone x2  
  110  6:56  Drone  
  110  6:58  Roach  
  110  6:59  Roach  
  112  7:02  Roach  
  112  7:06  Roach  
  114  7:10  Roach  
  114  7:12  Roach x2  
  122  7:15  Roach  
  122  7:16  Spore Crawler  
  122  7:20  Overlord  
  121  7:23  Extractor  
  121  7:27  Overlord  
  121  7:29  Overlord  
  120  7:30  Extractor  
  120  7:31  Extractor, Overseer  
  120  7:33  Roach x2  
  120  7:35  Overlord  
  122  7:37  Overlord  
  122  7:43  Roach  
  122  7:44  Roach  
  126  7:46  Roach  
  126  7:47  Roach  
  124  7:51  Roach  
  124  7:52  Drone x2, Roach  
  124  7:53  Roach x2  
  124  7:54  Roach  
  124  7:56  Roach  
  124  7:57  Drone  
  121  7:59  Drone  
  121  8:00  Drone  
  121  8:01  Drone  
  121  8:05  Drone  
  109  8:09  Drone  
  109  8:10  Roach  
  110  8:14  Roach  
  110  8:16  Roach x2  
  110  8:17  Roach  
  110  8:18  Roach  
  114  8:20  Roach  
  114  8:21  Roach  
  114  8:23  Roach  
  114  8:25  Roach  
  118  8:27  Roach  
  118  8:28  Roach  
  118  8:29  Roach  
  118  8:31  Roach  
  126  8:34  Roach  
  126  8:37  Roach  
  130  8:44  Roach  
  130  8:45  Queen x2, Ravager  
  137  8:50  Roach  
  137  8:52  Roach x2  
  137  8:54  Roach  
  143  8:56  Roach  
  143  8:58  Roach  
  143  9:00  Roach  
  143  9:04  Roach  
  143  9:05  Roach  
  143  9:08  Roach  
  129  9:14  Roach  
  129  9:15  Roach  
  105  9:17  Roach  
  105  9:21  Roach  
  91  9:24  Roach  
  91  9:27  Zergling x2, Roach  
  91  9:29  Overseer, Roach  
  92  9:31  Drone x2  
  94  9:39  Drone x4  
  94  9:41  Drone  
  94  9:44  Roach  
  101  9:46  Ravager, Roach  
  101  9:52  Roach  
  106  9:54  Roach  
  106  9:56  Roach  
  106  9:58  Roach  
  112  10:02  Roach  
  112  10:03  Roach  
  112  10:06  Roach  
  118  10:10  Roach  
  115  10:14  Roach  
  115  10:17  Roach  
  115  10:20  Roach  
  109  10:23  Roach  
  109  10:25  Roach  
  109  10:26  Zergling x6  
  99  10:37  Hatchery  
  99  10:41  Roach  
  94  10:44  Roach  
  94  10:45  Drone  
  93  10:53  Spire  
  88  11:02  Extractor  
Show
View Real Time Build Order
Export as new Build Order

Has Protoss - Winner!

Build Orders: 1 Gate Expand, Chargelot Immortal, Dark Templar Rush 

Get SALT Encoding   

  12  0:00  Probe  
  13  0:12  Probe  
  14  0:20  Pylon  
  14  0:25  Probe  
  15  0:29  Assimilator  
  15  0:34  Probe  
  15  0:42  Probe  
  16  0:43  Gateway  
  17  0:52  Probe  
  18  1:04  Probe  
  20  1:20  Nexus  
  19  1:30  Cybernetics Core  
  19  1:33  Probe  
  20  1:40  Assimilator  
  20  1:45  Probe  
  21  1:49  Pylon  
  21  1:57  Probe, Adept  
  24  2:11  Twilight Council  
  24  2:12  Probe  
  24  2:14  Warp Gate  
  25  2:24  Probe  
  25  2:27  Stalker  
  25  2:28  Probe  
  28  2:32  Probe  
  28  2:36  Probe  
  30  2:40  Probe  
  31  2:47  Probe  
  33  2:52  Probe  
  34  2:59  Probe  
  34  3:00  Charge  
  34  3:03  Robotics Facility  
  34  3:04  Probe  
  36  3:11  Probe  
  37  3:16  Probe  
  37  3:19  Gateway  
  39  3:27  Gateway  
  39  3:28  Probe  
  39  3:29  Gateway  
  39  3:30  Probe  
  40  3:40  Warp Prism, Probe  
  41  3:41  Dark Shrine  
  41  3:43  Probe  
  42  3:55  Probe  
  45  3:57  Pylon  
  46  4:07  Pylon  
  46  4:08  Warp Prism  
  46  4:16  Zealot x2  
  51  4:23  Zealot  
  53  4:25  Probe  
  53  4:28  Pylon  
  54  4:37  Zealot x3  
  60  4:49  Pylon  
  60  4:55  Immortal  
  60  4:59  Probe  
  62  5:03  Nexus  
  65  5:13  Probe  
  65  5:14  Probe  
  67  5:15  Dark Templar x2  
  71  5:23  Immortal  
  71  5:26  Probe x2  
  75  5:37  Dark Templar  
  77  5:43  Pylon  
  77  5:45  Gateway, Pylon  
  77  5:46  Gateway  
  77  5:48  Gateway  
  77  5:54  Probe  
  77  5:56  Immortal  
  82  6:06  Zealot x2  
  82  6:07  Zealot  
  82  6:10  Pylon  
  88  6:11  Pylon  
  88  6:14  Sentry  
  90  6:19  Probe x3  
  93  6:32  Zealot x3  
  93  6:37  Zealot  
  83  6:46  Zealot x3  
  85  6:53  Immortal  
  84  6:59  Zealot x4  
  89  7:13  Sentry x3  
  91  7:15  Probe  
  91  7:17  Pylon  
  91  7:20  Gateway  
  91  7:21  Probe  
  91  7:22  Gateway, Pylon  
  94  7:25  Zealot x4  
  94  7:29  Pylon  
  101  7:37  Stalker  
  101  7:40  Zealot x2  
  101  7:53  Zealot x4  
  93  8:00  Zealot x3  
  93  8:23  Zealot x8  
  93  8:24  Zealot  
  111  8:30  Immortal  
  111  8:36  Pylon  
  111  8:39  Pylon  
  111  8:46  Stalker  
  111  8:47  Stalker x4  
  121  8:50  Stalker  
  123  8:57  Zealot x3  
  107  9:10  Zealot x5  
  107  9:16  Zealot  
  101  9:18  Zealot  
  101  9:20  Zealot x2  
  93  9:26  Zealot x3  
  95  9:45  Sentry x2  
  97  9:46  Zealot x4  
  97  9:47  Immortal  
  97  9:50  Zealot, Sentry  
  111  9:52  Zealot  
  105  10:14  Zealot x8  
  105  10:21  Zealot  
  77  10:46  Zealot x2  
  77  10:47  Zealot x7  
  95  11:09  Zealot x7  
  95  11:11  Sentry x2  
Tags
 
Add a new tag
Caveats
  • Supply blocks, unpowered buildings, or Contaminate may cause inaccurate times.
  • Supply counts are checked every 10 seconds.